 Dungeon Crawl Stone Soup version 0.21.0 (webtiles) character file.

3217 Leibowitz the Slicer (level 10, -1/63 HPs)
             Began as a Kobold Berserker on Jan 7, 2018.
             Was an Elder of Trog.
             Engulfed by a cloud of flame (14 damage)
             ... on level 7 of the Dungeon.
             The game lasted 00:15:33 (5724 turns).

Leibowitz the Slicer (Kobold Berserker)             Turns: 5724, Time: 00:15:35

Health: -1/63      AC:  7    Str: 16    XL:     10   Next: 17%
Magic:  10/10      EV: 20    Int:  8    God:    Trog [****..]
Gold:   270        SH:  0    Dex: 17    Spells: 9/9 levels left

rFire    . . .     SeeInvis .   a - +2 dagger (elec)
rCold    . . .     Gourm    .   (shield restricted)
rNeg     . . .     Faith    .   i - +2 robe {MR+}
rPois    .         Spirit   .   l - +1 helmet (curse)
rElec    .         Reflect  .   (no cloak)
rCorr    .         Harm     .   (no gloves)
MR       +....                  m - +0 pair of boots
Stlth    ++++......             (no amulet)
HPRegen  0.20/turn              (no ring)
MPRegen  0.12/turn              (no ring)

@: no status effects
A: small, carnivore
a: Berserk, Trog's Hand, Brothers in Arms, Burn Spellbooks, Renounce Religion


You were on level 7 of the Dungeon.
You worshipped Trog.
Trog was greatly pleased with you.
You were very full.

You visited 1 branch of the dungeon, and saw 7 of its levels.

You collected 320 gold pieces.
You spent 50 gold pieces at shops.

Inventory:

Hand Weapons
 a - a +2 dagger of electrocution (weapon)
 t - a +1 short sword
Missiles
 u - 12 poisoned needles
Armour
 i - a +2 robe of magic resistance (worn)
 k - a +0 shield
 l - a cursed +1 helmet (worn)
 m - a +0 pair of boots (worn)
 n - a +2 hat
Jewellery
 q - an uncursed ring of ice
Scrolls
 d - a scroll of magic mapping
 e - a scroll of identify
 o - a scroll of enchant armour
 p - 6 scrolls of remove curse
 r - 2 scrolls of enchant weapon
 s - a scroll of teleportation
 x - a scroll of fog
Potions
 b - 2 potions of lignification
 f - 2 potions of heal wounds
 g - a potion of flight
 h - 6 potions of curing
 j - a potion of resistance
 v - a potion of haste
 w - a potion of agility
Comestibles
 c - 18 rations


   Skills:
 * Level 7.1 Fighting
 * Level 11.2 Short Blades
 * Level 4.1 Armour
 * Level 7.7 Dodging
 * Level 7.1 Stealth


You had 9 spell levels left.
You didn't know any spells.

Dungeon Overview and Level Annotations

Branches:
Dungeon (7/15)
 Temple: D:4-7

Altars:
Trog
Vehumet

Shops:
D:5 ?   D:6 %

Annotations:
D:5 exclusion: 2 doors


Innate Abilities, Weirdness & Mutations

You are small and have problems with some larger weapons.
You are carnivorous and can eat meat at any time.


Message History

Joseph closely misses you. Joseph closely misses you.
Joseph smiles happily.
Joseph misses you. Joseph hits you with a quarterstaff!
* * * LOW HITPOINT WARNING * * *
You feel much better. Joseph misses you.
You barely miss Joseph.
Joseph is severely wounded.
Joseph hits you with a quarterstaff.
You hit Joseph but do no damage. Lightning courses through Joseph!
Joseph is almost dead.
Joseph completely misses you.
You hit Joseph. Lightning courses through Joseph!
Joseph explodes!
The fiery explosion engulfs you!
* * * LOW HITPOINT WARNING * * *
Trog accepts your kill.
Your Stealth skill increases to level 7!
You are engulfed in blazing flames.
You die...

#.##†..[..........
#.............###.
#.##..........####
#....###.#........
##......>##..####.
#....#............ .
#.....#####..#....
..>.###......####..#....
.....§§@........####....
####..###...............
#...# ########........
#.... ............ ####
########.... #.... ##...
##.. ###


There were no monsters in sight!

Vanquished Creatures
  Pikel (D:4)
  Joseph (D:7)
  Sigmund (D:2)
  Menkaure (D:5)
  Edmund (D:4)
  2 ice beasts (D:7)
  2 sky beasts (D:5)
  3 slaves (D:4)
  An ogre (D:7)
  2 eyes of draining (D:4)
  4 centaurs
  5 bullfrogs
  A howler monkey (D:5)
  2 bullfrog zombies (D:6)
  A bullfrog skeleton (D:7)
  5 hounds
  3 orc wizards
  2 orc priests
  A centaur skeleton (D:7)
  2 worker ants
  2 hound skeletons (D:6)
  A worker ant zombie (D:7)
  4 gnolls (D:4)
  8 adders
  2 shadow imps
  An ooze (D:2)
  6 worms
  4 dart slugs
  4 leopard geckos
  11 orcs
  4 giant cockroaches
  5 goblins
  4 hobgoblins
  12 jackals
  5 kobolds
  A quokka (D:4)
  2 ball pythons (D:3)
  7 bats
  3 frilled lizards
  A jackal skeleton (D:4)
  A leopard gecko zombie (D:5)
  4 quokka zombies
  10 rats
143 creatures vanquished.

Vanquished Creatures (others)
  A rat (D:2)
1 creature vanquished.

Grand Total: 144 creatures vanquished

Notes
Turn   | Place    | Note
-------+----------+-------------------------------------------
     0 | D:1      | Leibowitz the Kobold Berserker began the quest for the Orb.
     0 | D:1      | Reached XP level 1. HP: 14/14 MP: 1/1
   213 | D:1      | Reached XP level 2. HP: 11/19 MP: 2/2
   644 | D:2      | Noticed Sigmund
   655 | D:2      | Killed Sigmund
   655 | D:2      | Reached skill level 5 in Short Blades
   655 | D:2      | Reached XP level 3. HP: 24/24 MP: 3/3
   655 | D:2      | Reached XP level 4. HP: 30/30 MP: 4/4
   655 | D:2      | Reached XP level 5. HP: 34/34 MP: 5/5
   998 | D:2      | Reached XP level 6. HP: 31/39 MP: 6/6
  1013 | D:2      | Reached ** piety under Trog
  1134 | D:2      | Reached skill level 6 in Short Blades
  1308 | D:3      | Found a faded altar of an unknown god.
  2240 | D:4      | Noticed Edmund
  2247 | D:4      | Reached *** piety under Trog
  2263 | D:4      | Killed Edmund
  2263 | D:4      | Reached skill level 7 in Short Blades
  2263 | D:4      | Reached XP level 7. HP: 44/44 MP: 7/7
  2476 | D:4      | Reached skill level 5 in Fighting
  2659 | D:4      | Noticed Pikel
  2843 | D:4      | Found a bloodstained altar of Trog.
  3033 | D:4      | Killed Pikel
  3033 | D:4      | Reached skill level 8 in Short Blades
  3033 | D:4      | Reached skill level 5 in Dodging
  3033 | D:4      | Reached XP level 8. HP: 50/50 MP: 0/8
  3044 | D:4      | Reached skill level 9 in Short Blades
  3538 | D:5      | Entered Level 5 of the Dungeon
  3712 | D:5      | Reached XP level 9. HP: 15/55 MP: 9/9
  4072 | D:5      | Found Vext's Magic Scroll Shop.
  4080 | D:5      | Bought a scroll of identify for 20 gold pieces
  4080 | D:5      | Bought a scroll of teleportation for 30 gold pieces
  4354 | D:5      | Noticed Menkaure
  4402 | D:5      | Killed Menkaure
  4402 | D:5      | Reached skill level 10 in Short Blades
  4462 | D:6      | Found a radiant altar of Vehumet.
  4612 | D:6      | Reached **** piety under Trog
  4787 | D:6      | Reached skill level 5 in Stealth
  5092 | D:6      | Found Xolit's Food Shoppe.
  5493 | D:7      | Reached skill level 11 in Short Blades
  5517 | D:7      | Reached XP level 10. HP: 57/61 MP: 10/10
  5691 | D:7      | Noticed Joseph
  5724 | D:7      | Killed Joseph
  5724 | D:7      | Engulfed by a cloud of flame

Skill      XL: |  1  2  3  4  5  6  7  8  9 10 |
---------------+-------------------------------+-----
Fighting       | 4 5 6 7 |  7.1
Short Blades   | 5 7 8 9 11 | 11.2
Armour         | 2 3 4 |  4.1
Dodging        | 3 4 5 7 |  7.7
Stealth        | 2 3 4 6 7 |  7.1

Action                   |  1- 3 |  4- 6 |  7- 9 | 10-12 || total
-------------------------+-------+-------+-------+-------++-------
Melee: Short sword       |    31 |   245 |   216 |       ||   492
       Dagger            |       |       |   144 |    27 ||   171
Invok: Berserk           |     1 |     2 |     4 |       ||     7
  Use: Scroll            |     2 |     5 |     7 |     1 ||    15
       Potion            |       |       |     2 |     1 ||     3
 Stab: Sleeping          |       |     1 |     7 |     1 ||     9
       Distracted        |       |       |     1 |       ||     1
  Eat: Chunk             |     1 |    14 |    14 |     1 ||    30
Armor: Animal skin       |     1 |       |       |       ||     1
       Leather armour    |     2 |     1 |       |       ||     3
       Robe              |       |    43 |    48 |     1 ||    92
Dodge: Dodged            |    24 |   190 |   219 |    28 ||   461
